 Dungeon Crawl Stone Soup version 0.23.2-30-g0e89c35649 (webtiles) character file.

Game seed: 18234045344938202085

41553 eccles the Thaumaturge (level 14, -5/87 HPs)
             Began as a Gargoyle Earth Elementalist on June 13, 2019.
             Was an Elder of Vehumet.
             Splashed by an acid dragon's acid (14 damage)
             ... on level 6 of the Lair of Beasts on June 14, 2019.
             The game lasted 02:34:20 (23489 turns).

eccles the Thaumaturge (GrEE)                      Turns: 23489, Time: 02:34:22

Health: -5/87      AC: 13    Str: 21    XL:     14   Next: 15%
Magic:  28/29      EV: 13    Int: 23    God:    Vehumet [****..]
Gold:   736        SH:  0    Dex: 10    Spells: 11/35 levels left

rFire    . . .     SeeInvis +   a - +5 hand axe of Greatest Utility {chop, rN++ MR+ Stlth+}
rCold    . . .     Gourm    .   (no shield)
rNeg     + + +     Faith    .   J - +4 ring mail {MR+}
rPois    ∞         Spirit   .   (helmet restricted)
rElec    +         Reflect  .   h - +0 cloak of the Saviour {Str+3}
rCorr    .         Harm     .   Y - +2 pair of gloves
MR       ++++.                  (no boots)
Stlth    +++.......             K - amulet of the acrobat
HPRegen  0.24/turn              c - ring of see invisible
MPRegen  0.21/turn              D - +3 ring of intelligence

@: mighty, about to teleport, corroded
A: antennae 1, big wings, talons 1, magic resistance 1, negative energy
resistance 1, electricity resistance, unbreathing, petrification resistance, rot
immunity, AC +10
a: Fly, Renounce Religion


You were on level 6 of the Lair of Beasts.
You worshipped Vehumet.
Vehumet was greatly pleased with you.
You were not hungry.

You visited 2 branches of the dungeon, and saw 18 of its levels.
You also visited: Sewer, Gauntlet and Volcano.

You collected 884 gold pieces.
You spent 148 gold pieces at shops.

Inventory:

Hand Weapons
 a - the +5 hand axe of Greatest Utility (weapon) {chop, rN++ MR+ Stlth+}
   (You took it off an orc priest on level 9 of the Dungeon)

   It inflicts extra damage upon your enemies.
   It greatly protects you from negative energy.
   It affects your resistance to hostile enchantments.
   It makes you more stealthy.
 b - the +7 hand crossbow of Heduilag {freeze, +Fly rN++ Str-2 Dex+3}
   (You took it off a minotaur in a Gauntlet)

   It causes projectiles fired from it to freeze those they strike, causing
   extra injury to most foes and up to half again as much damage against
   particularly susceptible opponents.
   They can also slow down cold-blooded creatures.
   It affects your strength (-2).
   It affects your dexterity (+3).
   It greatly protects you from negative energy.
   It lets you fly.
 r - the +6 hand crossbow "Takhux" {flame, rC+ MR+}
   (You found it on level 4 of the Lair of Beasts)

   It causes projectiles fired from it to burn those they strike, causing extra
   injury to most foes and up to half again as much damage against particularly
   susceptible opponents.
   It protects you from cold.
   It affects your resistance to hostile enchantments.
 u - a +2 flail of venom
Missiles
 s - 9 poisoned javelins
 z - 25 bolts
 C - 240 stones (quivered)
Armour
 h - the +0 cloak of the Saviour (worn) {Str+3}
   (You found it in a Gauntlet)

   It affects your strength (+3).
 J - a +4 ring mail of magic resistance (worn)
 Q - the +1 robe of the Bells {Stlth+}
   (You bought it in a shop on level 11 of the Dungeon)

   It makes you more stealthy.
 W - a +0 leather armour of fire resistance
 Y - a +2 pair of gloves (worn)
Magical Staves
 x - an uncursed staff of cold {unknown}
 O - an uncursed staff of wizardry
 Z - an uncursed staff of air
Jewellery
 c - a ring of see invisible (left hand)
 v - an uncursed ring of flight
 D - a +3 ring of intelligence (right hand)
 K - an amulet of the acrobat (around neck)
Wands
 f - a wand of acid (7)
 y - a wand of flame (33)
 E - a wand of iceblast (27)
 H - a wand of random effects (75)
 L - a wand of polymorph (10)
 R - a wand of digging (5)
Scrolls
 e - 7 scrolls of teleportation
 j - a scroll of identify
 k - 6 scrolls of remove curse
 N - a scroll of brand weapon
 P - 4 scrolls of fear
Potions
 i - 2 potions of lignification
 l - 4 potions of resistance
 m - 6 potions of brilliance
 p - 3 potions of agility
 A - 2 potions of mutation
 F - a potion of flight
 G - a potion of magic
Comestibles
 d - 25 rations
 g - 7 chunks of flesh


   Skills:
 * Level 9.7 Fighting
   Level 1.3 Short Blades
 * Level 7.5(8.8) Axes
 + Level 7.6(9.3) Maces & Flails
   Level 2.2 Bows
 * Level 3.6 Crossbows
 + Level 6.2 Armour
 + Level 5.9 Dodging
 + Level 5.9 Stealth
 + Level 0.2 Unarmed Combat
 * Level 11.0 Spellcasting
 + Level 2.4 Conjurations
 * Level 5.7 Transmutations
 + Level 10.9 Earth Magic


You had 11 spell levels left.
You knew the following spells:

 Your Spells              Type           Power        Failure   Level  Hunger
a - Sandblast             Erth           ######       1%          1    None
b - Passwall              Tmut/Erth      ######..     1%          2    None
c - Stone Arrow           Conj/Erth      #####.       1%          3    None
d - Petrify               Tmut/Erth      ######..     2%          4    None
e - Lee's Rapid Deconstr  Erth           ######....   1%          5    ####...
f - Mephitic Cloud        Conj/Pois/Air  ###.....     4%          3    None
g - Blink                 Tloc           N/A          12%         2    None
h - Magic Dart            Conj           ###.         1%          1    None
i - Summon Guardian Gole  Hex/Summ       ##......     24%         3    None

Your spell library contained the following spells:

 Spells                   Type           Power        Failure   Level  Hunger
 Ozocubu's Refrigeration  Ice            ##........   94%         6    #####..
 Ignite Poison            Fire/Tmut/Pois ###.....     3%          3    None
 Conjure Flame            Conj/Fire      ###.....     4%          3    None
 Animate Skeleton         Necr           N/A          8%          1    None
 Apportation              Tloc           ##....       8%          1    None
 Confusing Touch          Hex            ##....       8%          1    None
 Summon Small Mammal      Summ           ##..         8%          1    None
 Call Imp                 Summ           ##......     12%         2    None
 Slow                     Hex            ##......     12%         2    None
 Call Canine Familiar     Summ           ##......     24%         3    None
 Recall                   Summ/Tloc      N/A          24%         3    None
 Fireball                 Conj/Fire      ###.......   32%         5    ####...
 Summon Ice Beast         Ice/Summ       ##......     61%         4    None
 Summon Lightning Spire   Summ/Air       ##......     61%         4    None
 Bolt of Fire             Conj/Fire      ###.......   85%         6    #####..
 Aura of Abjuration       Summ           ##........   91%         5    ####...
 Summon Demon             Summ           ##........   91%         5    ####...
 Summon Forest            Summ/Tloc      ##........   91%         5    ####...
 Summon Mana Viper        Hex/Summ       ##......     91%         5    ####...
 Shadow Creatures         Summ           N/A          100%        6    #####..
 Ring of Flames           Chrm/Fire      ##........   100%        7    #######
 Ignition                 Fire           ##........   100%        8    #######


Dungeon Overview and Level Annotations

Branches:
Dungeon (12/15)            Temple (0/1) D:6            Lair (6/6) D:8
 Shoals (0/4) Lair:3        Snake (0/4) Lair:3        Slime (0/5) Lair:6
    Orc: D:9-12

Altars:
Ashenzari
Cheibriados
Elyvilon
Fedhas
Kikubaaqudgha
Makhleb
Nemelex Xobeh
Okawaru
Qazlal
Ru
Trog
Vehumet
Xom
Zin
Jiyva

Shops:
D:3 *   D:5 %   D:7 =   D:9 :   D:11 [


Innate Abilities, Weirdness & Mutations

You are resistant to torment.
Your stone body is resilient. (AC +10)
You are immune to poison.
Your large and strong wings let you fly indefinitely.
You resist negative energy. (rN+)
You are resistant to electric shocks. (rElec)
You can survive without breathing.
You are immune to petrification.
You are immune to rotting.
You have a pair of small antennae on your head.
You have sharp toenails.
You are resistant to hostile enchantments. (MR+)


Message History

The acid dragon misses you.
The +7 hand crossbow of Heduilag {freeze, +Fly rN++ Str-2 Dex+3} stops glowing.
a - the +5 hand axe of Greatest Utility (weapon)
{chop, rN++ MR+ Stlth+} The komodo dragon bites you but does no damage.
You hit the komodo dragon but do no damage.
Your kick misses the komodo dragon.
The komodo dragon is moderately wounded.
You barely miss the acid dragon. You hit the fungus.
You closely miss the acid dragon. The acid dragon spits acid at you.
The splash of acid hits you!
You are splashed with acid!
* * * LOW HITPOINT WARNING * * *
You hear an angry hiss.
As you read the scroll of teleportation, it crumbles to dust.
You feel strangely unstable. The acid dragon spits acid at you.
The splash of acid hits you!
* * * LOW HITPOINT WARNING * * *
The acid corrodes you!
You are splashed with acid!
You die...

#.##...##.......# #.
##......P##.>_..## #.
♣P.......#......P# #. ♣
♣♣♣♣♣♣♣♣≈......###......###.
♣♣♣♣P♣.♣≈.♣♣≈...#%..#.#.....###..
♣.P....≈≈≈≈≈≈♣.#.....#..÷..###.#.
...♣♣♣.≈.♣.≈...##...#.....##.#...
♣≈≈≈♣♣♣♣♣♣..DP...##D...#......
.P.≈≈♣♣( ♣#÷l@................
.≈$≈♣ ( #.D................. ≈.(≈
♣♣ ##.................. ♣♣.
#.#.##.#.#....#..P# ♣
#.#####.#######..## ### ##.# ####
##


You could see an eight-headed hydra, a komodo dragon and 2 acid dragons.

Vanquished Creatures
  A minotaur (Gauntlet)
  6 hydras
  4 two-headed ogres
  An orange crystal statue (Gauntlet)
  An ugly thing (D:11)
  A merfolk siren (Lair:3)
  6 black mambas
  3 gargoyles
  9 spiny frogs
  5 komodo dragons
  A rime drake (Lair:1)
  2 centaur skeletons
  An efreet (Volcano)
  2 minotaur zombies (Gauntlet)
  A hellwing (Gauntlet)
  2 trolls (D:10)
  A hornet (D:11)
  A slime creature (D:8)
  12 blink frogs
  8 hippogriffs
  A vampire (D:11)
  A fire elemental (Volcano)
  4 wyverns
  A wraith (D:8)
  59 yaks
  3 basilisks
  2 hungry ghosts
  3 steam dragons
  Menkaure (D:5)
  6 water moccasins
  Duvessa (D:6)
  7 orc warriors
  8 porcupines
  A necrophage (D:11)
  2 eyes of draining
  3 ice beasts
  2 phantoms (D:9)
  2 sky beasts
  4 ogres
  5 wolves
  4 centaurs
  4 crocodiles
  5 big kobolds (Sewer)
  15 bullfrogs
  5 gnoll sergeants
  4 scorpions
  A water moccasin skeleton (D:10)
  Dowan (D:6)
  7 howler monkeys
  3 centaur zombies
  6 crimson imps
  6 jellies
  2 gnoll shamans (D:10)
  13 hounds
  2 bullfrog skeletons
  11 orc priests
  21 orc wizards
  Terence (D:3)
  3 iguanas
  8 worker ants
  A hound skeleton (D:4)
  A worker ant zombie (D:10)
  21 gnolls
  15 adders
  7 shadow imps
  3 oozes
  3 adder skeletons
  3 adder zombies
  3 worms (D:3)
  3 dart slugs (D:1)
  7 leopard geckos
  37 orcs
  10 giant cockroaches
  6 goblins
  10 hobgoblins
  11 jackals
  17 kobolds
  5 quokkas
  3 ball pythons
  11 bats
  4 frilled lizards
  A quokka skeleton (D:5)
  6 rats
  2 fungi
  4 plants (Gauntlet)
500 creatures vanquished.

Vanquished Creatures (others)
  5 fungi
  2 plants (Lair:6)
7 creatures vanquished.

Grand Total: 507 creatures vanquished

Notes
Turn   | Place    | Note
-------+----------+-------------------------------------------
     0 | D:1      | eccles the Gargoyle Earth Elementalist began the quest for
                  | the Orb.
     0 | D:1      | Reached XP level 1. HP: 10/10 MP: 3/3
   106 | D:1      | Reached XP level 2. HP: 10/15 MP: 1/5
   453 | D:1      | Reached XP level 3. HP: 19/19 MP: 4/6
  1154 | D:1      | Learned a level 2 spell: Passwall
  1158 | D:1      | Learned a level 3 spell: Stone Arrow
  1278 | D:2      | Found an ancient bone altar of Kikubaaqudgha.
  1297 | D:2      | Reached XP level 4. HP: 21/24 MP: 6/8
  2044 | D:2      | Found a radiant altar of Vehumet.
  2056 | D:2      | Became a worshipper of Vehumet
  2113 | D:3      | Reached skill level 3 in Spellcasting
  2113 | D:3      | Reached XP level 5. HP: 23/28 MP: 7/9
  2202 | D:3      | Noticed Terence
  2236 | D:3      | Killed Terence
  2236 | D:3      | Reached skill level 1 in Short Blades
  2310 | D:3      | Found Zin's Purification Station.
  2313 | D:3      | Reached skill level 1 in Fighting
  2326 | D:3      | Found a glowing silver altar of Zin.
  2762 | D:4      | Learned a level 4 spell: Petrify
  2776 | D:4      | Reached * piety under Vehumet
  2776 | D:4      | Offered knowledge of Flame Tongue by Vehumet.
  2776 | D:4      | Reached skill level 5 in Earth Magic
  2826 | D:4      | Noticed an ogre
  2836 | D:4      | HP: 1/29 [ogre/+0 giant spiked club (25)]
  2837 | D:4      | Killed an ogre
  2837 | D:4      | Reached XP level 6. HP: 2/34 MP: 4/11
  3026 | D:4      | Reached skill level 4 in Spellcasting
  3190 | D:4      | Found a stormy altar of Qazlal.
  3635 | D:4      | Reached XP level 7. HP: 26/38 MP: 13/13
  3636 | D:4      | Reached skill level 1 in Maces & Flails
  3902 | D:5      | Entered Level 5 of the Dungeon
  4031 | D:5      | Noticed Menkaure
  4365 | D:5      | Found Biczayj's Food Emporium.
  4474 | D:5      | Offered knowledge of Throw Flame by Vehumet.
  4537 | D:5      | Reached ** piety under Vehumet
  4537 | D:5      | Reached XP level 8. HP: 36/45 MP: 15/15
  4556 | D:5      | Found a shattered altar of Ashenzari.
  4560 | D:5      | Reached skill level 5 in Spellcasting
  4886 | D:5      | Killed Menkaure
  4897 | D:5      | Learned a level 5 spell: Lee's Rapid Deconstruction
  5233 | D:6      | Noticed Dowan
  5234 | D:6      | Noticed Duvessa
  5287 | D:6      | Found a staircase to the Ecumenical Temple.
  5446 | D:6      | Found a sparkling altar of Nemelex Xobeh.
  5468 | D:6      | Offered knowledge of Ignite Poison by Vehumet.
  5480 | D:6      | Found a sacrificial altar of Ru.
  5532 | D:6      | Found a blossoming altar of Fedhas.
  5639 | D:6      | Found a glowing drain.
  5648 | Sewer    | Entered a sewer
  5669 | Sewer    | Reached XP level 9. HP: 52/52 MP: 13/17
  5707 | Sewer    | Reached *** piety under Vehumet
  6299 | D:6      | Reached skill level 6 in Spellcasting
  6330 | D:6      | Killed Dowan
  6335 | D:6      | Killed Duvessa
  6528 | D:7      | Found Roixokes's Jewellery Emporium.
  6594 | D:7      | Reached skill level 5 in Maces & Flails
  6611 | D:7      | Offered knowledge of Airstrike by Vehumet.
  6653 | D:7      | Found a blossoming altar of Fedhas.
  7031 | D:7      | Found a bloodstained altar of Trog.
  7033 | D:7      | Found an iron altar of Okawaru.
  7034 | D:7      | Found a burning altar of Makhleb.
  7357 | D:8      | Found a staircase to the Lair.
  7509 | D:8      | Reached skill level 5 in Fighting
  7827 | D:8      | Reached XP level 10. HP: 36/59 MP: 17/20
  7887 | D:8      | HP: 2/59 [orc warrior/+0 trident of protection (13)]
  8000 | D:8      | Reached **** piety under Vehumet
  8319 | D:8      | Reached skill level 7 in Spellcasting
  8800 | D:8      | Noticed a gargoyle
  8818 | D:8      | Killed a gargoyle
  8818 | D:8      | Reached skill level 1 in Transmutations
  9078 | D:9      | Found a white marble altar of Elyvilon.
  9117 | D:8      | Reached skill level 1 in Conjurations
  9490 | D:9      | Offered knowledge of Yara's Violent Unravelling by Vehumet.
  9696 | D:9      | Reached skill level 1 in Armour
  9722 | D:9      | Reached skill level 1 in Bows
  9724 | D:9      | Reached XP level 11. HP: 30/66 MP: 20/22
 10067 | D:9      | Identified the +5 hand axe of Greatest Utility {chop, rN++
                  | MR+ Stlth+}
 10364 | D:9      | Reached skill level 8 in Spellcasting
 10373 | D:9      | Reached skill level 1 in Axes
 10385 | D:9      | Reached skill level 5 in Stealth
 11024 | D:9      | Found Muudugr Baink's Book Shop.
 11037 | D:9      | Found a snail-covered altar of Cheibriados.
 11141 | D:10     | Entered Level 10 of the Dungeon
 11144 | D:10     | Reached ***** piety under Vehumet
 11212 | D:10     | Offered knowledge of Conjure Ball Lightning by Vehumet.
 11551 | D:10     | Noticed a five-headed hydra
 11564 | D:10     | Killed a five-headed hydra
 12475 | D:10     | Noticed a two-headed ogre
 12490 | D:10     | Killed a two-headed ogre
 12594 | D:10     | Gained mutation: You have sharp toenails. [potion of
                  | mutation]
 12594 | D:10     | Gained mutation: You have a pair of small antennae on your
                  | head. [potion of mutation]
 12594 | D:10     | Gained mutation: You are resistant to hostile enchantments.
                  | (MR+) [potion of mutation]
 12815 | D:11     | Reached skill level 9 in Spellcasting
 13027 | D:11     | Reached XP level 12. HP: 68/72 MP: 25/25
 13313 | D:11     | Noticed a two-headed ogre
 13380 | D:11     | Killed a two-headed ogre
 13380 | D:11     | Reached skill level 10 in Earth Magic
 13711 | D:11     | Found Wyaliero's Antique Armour Emporium.
 13726 | D:11     | Bought a warped robe for 148 gold pieces
 13741 | D:11     | Identified the +1 robe of the Bells {Stlth+} (You bought it
                  | in a shop on level 11 of the Dungeon)
 14676 | D:11     | Noticed a two-headed ogre
 14688 | D:11     | Killed a two-headed ogre
 14688 | D:11     | Reached skill level 5 in Axes
 14893 | D:12     | Noticed a two-headed ogre
 14897 | D:12     | Noticed a centaur warrior
 14931 | D:12     | Killed a two-headed ogre
 15117 | Lair:1   | Entered Level 1 of the Lair of Beasts
 15287 | Lair:1   | Offered knowledge of Olgreb's Toxic Radiance by Vehumet.
 15359 | Lair:1   | Found a shimmering altar of Xom.
 15439 | Lair:1   | Noticed an eight-headed hydra
 15447 | Lair:1   | Killed an eight-headed hydra
 15661 | Lair:1   | Learned a level 3 spell: Mephitic Cloud
 15664 | Lair:1   | Learned a level 2 spell: Blink
 15666 | Lair:1   | Learned a level 1 spell: Magic Dart
 16672 | Lair:3   | Found a dark tunnel.
 16682 | Volcano  | Entered a volcano
 16791 | Volcano  | Reached skill level 5 in Armour
 16947 | Lair:3   | Reached skill level 10 in Spellcasting
 17147 | Lair:3   | Reached XP level 13. HP: 79/79 MP: 27/27
 17556 | Lair:3   | Reached skill level 5 in Dodging
 18039 | Lair:3   | Found a staircase to the Snake Pit.
 18272 | Lair:3   | Found a staircase to the Shoals.
 18351 | Lair:4   | Reached skill level 5 in Transmutations
 18385 | Lair:4   | Found a gate leading to a gauntlet.
 18409 | Lair:4   | Got an ichor-stained hand crossbow
 18420 | Gauntlet | Entered a Gauntlet
 18420 | Gauntlet | Found a transporter.
 18423 | Gauntlet | Found a transporter.
 18424 | Gauntlet | Found a transporter.
 18425 | Gauntlet | Noticed a reaper
 18444 | Gauntlet | Found a transporter.
 18454 | Gauntlet | Found a transporter.
 18474 | Gauntlet | Found a transporter.
 18478 | Gauntlet | Found a transporter.
 18482 | Gauntlet | Found a transporter.
 18530 | Gauntlet | Found a transporter.
 18531 | Gauntlet | Found a transporter.
 18546 | Gauntlet | Found a transporter.
 18550 | Gauntlet | Noticed a reaper
 18554 | Gauntlet | Found a transporter.
 19021 | Gauntlet | Got an encrusted cloak
 19027 | Gauntlet | Identified the +0 cloak of the Saviour {Str+3} (You found
                  | it in a Gauntlet)
 19089 | Gauntlet | Identified the +7 hand crossbow of Heduilag {freeze, +Fly
                  | rN++ Str-2 Dex+3}
 19089 | Gauntlet | Noticed a minotaur
 19099 | Gauntlet | Killed a minotaur
 19473 | Lair:4   | Identified the +6 hand crossbow "Takhux" {flame, rC+ MR+}
                  | (You found it on level 4 of the Lair of Beasts)
 20419 | Lair:4   | Offered knowledge of Ozocubu's Refrigeration by Vehumet.
 20561 | Lair:4   | HP: 3/80 [seven-headed hydra (3)]
 21015 | Lair:4   | Reached skill level 1 in Crossbows
 22414 | Lair:6   | Entered Level 6 of the Lair of Beasts
 22451 | Lair:5   | Learned a level 3 spell: Summon Guardian Golem
 22788 | Lair:5   | Gained mutation: Your large and strong wings let you fly
                  | indefinitely. [Gargoyle growth]
 22788 | Lair:5   | Reached XP level 14. HP: 60/86 MP: 28/28
 23235 | Lair:6   | Found a viscous altar of Jiyva.
 23235 | Lair:6   | Found a staircase to the Slime Pits.
 23317 | Lair:6   | Reached skill level 11 in Spellcasting
 23489 | Lair:6   | Splashed by an acid dragon's acid

Skill      XL: |  1  2  3  4  5  6  7  8  9 10 11 12 13 14 |
---------------+-------------------------------------------+-----
Earth Magic    | 4 5 6 8 9 10 | 10.9
Stealth        | 3 4 5 |  5.9
Dodging        | 2 3 4 5 |  5.9
Spellcasting   | 3 4 5 6 7 9 10 11 | 11.0
Short Blades   | 1 |  1.3
Fighting       | 1 2 4 5 6 7 8 9 |  9.7
Maces & Flails | 2 4 6 7 |  7.6
Transmutations | 2 3 4 5 |  5.7
Conjurations   | 1 2 |  2.4
Armour         | 3 4 5 6 |  6.2
Bows           | 1 2 |  2.2
Axes           | 4 5 7 |  7.5
Crossbows      | 3 |  3.6
Unarmed Combat | |  0.2

Action                   |  1- 3 |  4- 6 |  7- 9 | 10-12 | 13-15 || total
-------------------------+-------+-------+-------+-------+-------++-------
Melee: Unarmed           |    41 |       |       |       |       ||    41
       Dagger            |    50 |   108 |       |       |       ||   158
       Short sword       |       |    52 |       |       |       ||    52
       Flail             |       |    20 |   266 |   145 |     3 ||   434
       Hand axe          |       |       |       |   470 |   388 ||   858
       Kick              |       |       |       |    62 |   109 ||   171
       Punch             |       |       |       |       |     1 ||     1
       Hand crossbow     |       |       |       |       |     1 ||     1
 Fire: Shortbow          |       |       |       |    27 |       ||    27
       Longbow           |       |       |       |     5 |    18 ||    23
       Hand crossbow     |       |       |       |       |    93 ||    93
Throw: Tomahawk          |       |     3 |       |       |       ||     3
       Stone             |       |       |       |       |     2 ||     2
 Cast: Sandblast         |    31 |    50 |    71 |   177 |    67 ||   396
       Stone Arrow       |       |     4 |     9 |    99 |    73 ||   185
       Passwall          |       |       |     2 |       |       ||     2
       Lee's Rapid Decon |       |       |       |     4 |       ||     4
       Petrify           |       |       |       |     5 |     2 ||     7
       Blink             |       |       |       |       |     2 ||     2
       Magic Dart        |       |       |       |       |     1 ||     1
Evoke: Wand              |       |       |       |     4 |     2 ||     6
  Use: Scroll            |     7 |     4 |     8 |    10 |    12 ||    41
       Potion            |       |     1 |       |    14 |    13 ||    28
 Stab: Sleeping          |     2 |     4 |    14 |     9 |     3 ||    32
       Distracted        |       |       |     1 |       |       ||     1
       Petrified         |       |       |       |     8 |       ||     8
  Eat: Chunk             |     1 |     9 |    10 |    19 |     6 ||    45
       Ration            |       |       |     1 |     4 |     4 ||     9
Armor: Robe              |    59 |    65 |   128 |    13 |       ||   265
       Ring mail         |       |       |       |   330 |   354 ||   684
       Skin              |       |       |       |       |    27 ||    27
Dodge: Dodged            |    69 |   113 |   233 |   422 |   346 ||  1183
